 Dungeon Crawl Stone Soup version 0.24-a0-580-g6a6c3f83c1 (webtiles) character file.

Game seed: 16626056740696839953

328 Mithandil the Shield-Bearer (level 6, -3/53 HPs)
             Began as a Minotaur Fighter on Aug 22, 2019.
             Slain by a big kobold
             ... wielding a +0 short sword of distortion
              (6 damage)
             ... on level 3 of the Dungeon.
             The game lasted 00:14:20 (2756 turns).

Mithandil the Shield-Bearer (Minotaur Fighter)      Turns: 2756, Time: 00:14:21

Health: -3/53      AC:  9    Str: 29    XL:     6   Next: 25%
Magic:  5/5        EV:  9    Int:  5    God:
Gold:   129        SH: 11    Dex: 13    Spells: 5/5 levels left

rFire    . . .     SeeInvis .   a - +0 war axe
rCold    . . .     Gourm    .   c - +0 shield
rNeg     . . .     Faith    .   i - +0 scale mail
rPois    +         Spirit   .   (helmet restricted)
rElec    .         Reflect  .   (no cloak)
rCorr    .         Harm     .   (no gloves)
MR       .....                  o - +1 pair of boots {Fly}
Stlth    ..........             (no amulet)
HPRegen  0.17/turn              j - ring of wizardry
MPRegen  0.09/turn              m - +3 ring of dexterity

@: mighty, flying, lightly drained
A: retaliatory headbutt, horns 2, poison resistance, screaming 1, strong 1,
subdued magic 1
a: Stop Flying


You were on level 3 of the Dungeon.
You were not hungry.

You visited 1 branch of the dungeon, and saw 4 of its levels.

You collected 129 gold pieces.

Inventory:

Hand Weapons
 a - a +0 war axe (weapon)
 b - a +0 hunting sling
 p - a +1 mace of protection
 t - a +0 long sword
Missiles
 h - 150 stones (quivered)
 k - 51 sling bullets
 n - 28 bolts
Armour
 c - a +0 shield (worn)
 i - a +0 scale mail (worn)
 o - a +1 pair of boots of flying (worn)
Jewellery
 j - a ring of wizardry (left hand)
 m - a +3 ring of dexterity (right hand)
Scrolls
 e - a scroll of identify
Potions
 d - a potion of might
 g - 3 potions of curing
 u - a potion of magic
Comestibles
 f - 8 rations
 l - 3 chunks of flesh


   Skills:
 + Level 4.4(4.0) Fighting
 * Level 4.5(4.0) Axes
 + Level 1.8(1.3) Throwing
 + Level 4.5(4.0) Armour
 + Level 2.0(1.5) Dodging
 * Level 5.3(4.8) Shields


You had 5 spell levels left.
You didn't know any spells.
Your spell library contained the following spells:

 Spells                   Type           Power        Failure   Level  Hunger
 Confusing Touch          Hex            #.....       80%         1    ##.....
 Confuse                  Hex            #.......     98%         3    ####...
 Gell's Gravitas          Tloc           #.........   98%         3    ####...
 Petrify                  Tmut/Erth      #.......     100%        4    #####..
 Metabolic Englaciation   Hex/Ice        #.........   100%        5    ######.
 Yara's Violent Unravell  Hex/Tmut       #.........   100%        5    ######.


Dungeon Overview and Level Annotations

Branches:
Dungeon (4/15)
 Temple: D:4-7

Altars:
Fedhas


Innate Abilities, Weirdness & Mutations

You reflexively headbutt those who attack you in melee.
You have a pair of horns on your head.
Your system is resistant to poisons. (rPois)
You occasionally shout uncontrollably at your foes.
Your muscles are strong. (Str +2)
Your spells are a little easier to cast, but a little less powerful.


Message History

* * * LOW HITPOINT WARNING * * *
The big kobold hits you but does no damage.
The kobold closely misses you. You block the kobold's attack.
The big kobold hits you with the +5 whip of Purpose {drain, rElec rC+ Str-4}.
* * * LOW HITPOINT WARNING * * *
You feel drained. The big kobold closely misses you.
You closely miss the big kobold.
The big kobold is almost dead.
You barely miss the big kobold. You hit the kobold.
You kill the kobold!
You closely miss the big kobold.
Your scale mail prevents you from hitting the kobold.
The big kobold hits you but does no damage.
The kobold barely misses you.
The big kobold hits you but does no damage.
You feel drained.
The big kobold hits you with a +0 short sword of distortion.
* * * LOW HITPOINT WARNING * * *
Space bends around you.
You die...

#............#### #.
#.<.........##$(. #.
########..### ... # #.
##>.#.#...#.# #.
####⌠.#.#.⌠# #.
#.#...#.# #.
###.KK..### ######[
#.##KKK##.# #......
#...K@K...######.#####
##.##.........##.#
#..[.......##.#
#.#........##.#####
#.#........##÷....#
#.'..(.....######.#
###......÷÷'.#..#.#
#...'........#.#..#.#
#####........#.#..#..


You could see 3 big kobolds and 4 kobolds.

Vanquished Creatures
  An ogre (D:4)
  The ghost of Goblin1989 the Covered, an amateur GrFi (D:3)
  A worker ant (D:4)
  A hound skeleton (D:2)
  3 adders
  A worm (D:3)
  7 dart slugs
  2 leopard geckos
  3 orcs (D:3)
  8 bats
  13 giant cockroaches
  10 goblins
  3 hobgoblins
  6 jackals
  A quokka (D:3)
  7 frilled lizards
  9 kobolds
  5 rats
82 creatures vanquished.

Notes
Turn   | Place    | Note
-------+----------+-------------------------------------------
     0 | D:1      | Mithandil the Minotaur Fighter began the quest for the Orb.
     0 | D:1      | Reached XP level 1. HP: 19/19 MP: 0/0
   310 | D:1      | Reached XP level 2. HP: 19/27 MP: 1/1
   732 | D:2      | Reached skill level 4 in Shields
   736 | D:2      | Reached XP level 3. HP: 28/33 MP: 2/2
  1212 | D:1      | Reached skill level 1 in Dodging
  1660 | D:2      | Reached XP level 4. HP: 36/40 MP: 3/3
  1839 | D:2      | Reached skill level 1 in Throwing
  1852 | D:2      | Gained mutation: Your muscles are strong. (Str +2) [potion
                  | of mutation]
  1852 | D:2      | Gained mutation: Your spells are a little easier to cast,
                  | but a little less powerful. [potion of mutation]
  1852 | D:2      | Gained mutation: You occasionally shout uncontrollably at
                  | your foes. [potion of mutation]
  1852 | D:2      | Gained mutation: Your system is resistant to poisons.
                  | (rPois) [potion of mutation]
  2067 | D:3      | Found a blossoming altar of Fedhas.
  2294 | D:3      | Reached XP level 5. HP: 46/46 MP: 4/4
  2321 | D:4      | Noticed an ogre
  2329 | D:4      | Killed an ogre
  2329 | D:4      | Reached skill level 5 in Shields
  2727 | D:3      | Found a runed translucent gate.
  2731 | D:3      | Found a runed translucent gate.
  2734 | D:3      | Found a runed translucent gate.
  2743 | D:3      | Noticed Goblin1989's ghost (amateur GrFi)
  2745 | D:3      | Identified the +5 whip of Purpose {drain, rElec rC+ Str-4}
  2755 | D:3      | Killed Goblin1989's ghost
  2755 | D:3      | Reached XP level 6. HP: 22/53 MP: 5/5
  2756 | D:3      | Slain by a big kobold

Levels and vault maps discovered:
D:1:      dpeg_arrival_brainrot, layout_loops_corners
D:2:      layout_basic
D:3:      minmay_roachtagon, layout_basic, fedhas_altar_2, first_ration,
          gammafunk_ghost_nasty_kobolds
D:4:      layout_basic, minmay_temple_entry_glassed_door, guppyfry_shop_venom

Skill      XL: |  1  2  3  4  5 |
---------------+----------------+-----
Shields        | 4 5 |  5.3
Axes           | 3 4 |  4.5
Dodging        | 1 2 |  2.0
Throwing       | 1 |  1.8
Fighting       | 4 |  4.4
Armour         | 4 |  4.5

Action                   |  1- 3 |  4- 6 || total
-------------------------+-------+-------++-------
Melee: War axe           |    81 |    80 ||   161
       Headbutt          |     8 |    22 ||    30
  Use: Scroll            |     1 |     5 ||     6
       Potion            |       |     7 ||     7
  Eat: Chunk             |     2 |     4 ||     6
Armor: Scale mail        |    28 |    41 ||    69
Dodge: Dodged            |    31 |    44 ||    75
Block: Shield            |    34 |    62 ||    96

Table legend:
 A = Non-vault XP
 B = Vault XP
 C = Vault XP percentage of total XP
 D = Non-vault monster count
 E = Vault monster count
 F = Vault count percentage of total count
                 A         B        C        D         E       F
            +---------+---------+-------+---------+---------+-------
      Total |     340 |     129 |  27.5 |      69 |      13 |  15.9
            +---------+---------+-------+---------+---------+-------
        D:1 |      32 |       2 |   5.9 |      18 |       1 |   5.3
        D:2 |      73 |       0 |   0.0 |      24 |       0 |   0.0
        D:3 |      79 |     127 |  61.7 |      24 |      12 |  33.3
        D:4 |     156 |       0 |   0.0 |       3 |       0 |   0.0
            +---------+---------+-------+---------+---------+-------
